MLB
HOUSTON ASTROS @ SAN DIEGO PADRES
07/04/2098
 
TOP OF THE 1ST
Houston Astros batting - Pitching for San Diego Padres : RHP Chris Penn
Pitching: RHP Chris Penn
Batting: RHB Erik Ellsworth 0-0: Called Strike
0-1: Ball
1-1: Swinging Strike
1-2: Ball
2-2: Fly out, F7 (Flyball, 78S, EV 88.1 MPH)
Batting: LHB Ricky Gomez 0-0: Ball
1-0: Ground out 5-3 (Groundball, 5L, EV 103.1 MPH)
Batting: LHB Alex Perez 0-0: Called Strike
0-1: Foul Ball, location: 7LDF
0-2: Ball
1-2: Foul Ball, location: 2F
1-2: Foul Ball, location: 3DF
1-2: Foul Ball, location: 3F
1-2: Strikes out looking
Top of the 1st over - 0 runs, 0 hits, 0 errors, 0 left on base; Houston 0 - San Diego 0
BOTTOM OF THE 1ST
San Diego Padres batting - Pitching for Houston Astros : LHP Matt Emery
Pitching: LHP Matt Emery
Batting: RHB Alfredo Beltran 0-0: Called Strike
0-1: Ball
1-1: Ball
2-1: Fly out, F7 (Flyball, 7, EV 75.6 MPH)
Batting: RHB Jose Barillas 0-0: Ball
1-0: Called Strike
1-1: Ball
2-1: Ball
3-1: Called Strike
3-2: SOLO HOME RUN (Flyball, 78XD, EV 112.5 MPH), Distance : 424 ft
Batting: RHB Chris Santos 0-0: Called Strike
0-1: Ball
1-1: Swinging Strike
1-2: Ball
2-2: Strikes out looking
Batting: RHB Tony Woody 0-0: Ball
1-0: Called Strike
1-1: Ball
2-1: SOLO HOME RUN (Flyball, 7D, EV 98.8 MPH), Distance : 368 ft
Batting: RHB Anibal Araldes 0-0: SINGLE (Line Drive, 4D, EV 103.1 MPH)
Batting: RHB Pat Holland 0-0: Ball
Wild Pitch!
Anibal Araldes to second
1-0: Fly out, F8 (Flyball, 78S, EV 96.3 MPH)
Bottom of the 1st over - 2 runs, 3 hits, 0 errors, 1 left on base; Houston 0 - San Diego 2
TOP OF THE 2ND
Houston Astros batting - Pitching for San Diego Padres : RHP Chris Penn
Batting: RHB Jeff Cinnamon 0-0: Foul Ball, location: 2F
0-1: Ball
1-1: Foul Ball, location: 3SF
1-2: Ball
2-2: Ground out 5-3 (Groundball, 56, EV 83.8 MPH)
Batting: RHB Kyle Stewart 0-0: Called Strike
0-1: Ball
1-1: SINGLE (Line Drive, 3D, EV 97.5 MPH)
Batting: RHB Frank Kelsay 0-0: Foul Ball, location: 2F
0-1: Called Strike
0-2: Ball
1-2: Ball
2-2: Strikes out looking
Batting: LHB Roy Lazzaro 0-0: Called Strike
0-1: Ball
1-1: Foul Ball, location: 5SF
1-2: Fly out, F7 (Flyball, 78M, EV 88.1 MPH)
Top of the 2nd over - 0 runs, 1 hit, 0 errors, 1 left on base; Houston 0 - San Diego 2
BOTTOM OF THE 2ND
San Diego Padres batting - Pitching for Houston Astros : LHP Matt Emery
Batting: RHB Colby Krant 0-0: Foul Ball, location: 2F
0-1: Foul Ball, location: 5FF
0-2: Strikes out swinging
Batting: RHB Bill Carlisle 0-0: Swinging Strike
0-1: Foul Ball, location: 2F
0-2: Ball
1-2: Ball
2-2: Foul Ball, location: 9LSF
2-2: Ball
3-2: Fly out, F8 (Flyball, 89D, EV 106.9 MPH)
Batting: LHB R.J. Correll 0-0: Called Strike
0-1: Called Strike
0-2: Fly out, F8 (Flyball, 8RD, EV 101.3 MPH)
Bottom of the 2nd over - 0 runs, 0 hits, 0 errors, 0 left on base; Houston 0 - San Diego 2
TOP OF THE 3RD
Houston Astros batting - Pitching for San Diego Padres : RHP Chris Penn
Batting: LHB Josh Otis 0-0: Ball
1-0: Called Strike
1-1: Ball
2-1: Ball
3-1: SINGLE (Groundball, 4MD, EV 107.5 MPH)
Batting: RHB Manchu Hu 0-0: Ball
1-0: Ball
2-0: Ball
3-0: Base on Balls
Josh Otis to second
Pitching: RHP Ben Memon
Batting: RHB Erik Ellsworth 0-0: Ball
Josh Otis steals 3rd base
1-0: Fly out, F7 (Flyball, 7, EV 93.1 MPH)
Runner from 3rd tags up, SCORES, throw by LF
Batting: LHB Ricky Gomez 0-0: Called Strike
0-1: Called Strike
0-2: Ball
1-2: Ball
2-2: Ball
3-2: Foul Ball, location: 7LMF
3-2: Foul Ball, location: 2F
3-2: Foul Ball, location: 3F
3-2: Base on Balls
Manchu Hu to second
Pitching: RHP Jose Benitez
Batting: LHB Alex Perez 0-0: Ball
1-0: Ball
2-0: Foul Ball, location: 7LSF
2-1: SINGLE (Flyball, 34D, EV 88.8 MPH)
Manchu Hu to third
Ricky Gomez to second
Batting: RHB Jeff Cinnamon 0-0: Called Strike
0-1: Ball
1-1: Called Strike
1-2: DOUBLE (Flyball, 9LD, EV 103.8 MPH)
Manchu Hu scores
Ricky Gomez scores
Alex Perez to third
Batting: RHB Kyle Stewart 0-0: Foul Ball, location: 2F
0-1: Called Strike
0-2: Ball
1-2: Ball
2-2: Foul Ball, location: 2F
2-2: Strikes out looking
Batting: RHB Frank Kelsay 0-0: Ball
1-0: Ground out 3-1 (Groundball, 34S, EV 68.8 MPH)
Top of the 3rd over - 3 runs, 3 hits, 0 errors, 2 left on base; Houston 3 - San Diego 2
BOTTOM OF THE 3RD
San Diego Padres batting - Pitching for Houston Astros : LHP Matt Emery
Batting: RHB Alfredo Beltran 0-0: Swinging Strike
0-1: Called Strike
0-2: Ball
1-2: DOUBLE (Line Drive, 89D, EV 97.5 MPH)
Batting: RHB Jose Barillas 0-0: Foul Ball, location: 2F
0-1: Swinging Strike
0-2: Ball
1-2: Strikes out swinging
Batting: RHB Chris Santos 0-0: Ball
1-0: Foul Ball, location: 2F
1-1: Foul Ball, location: 9LSF
1-2: Fly out, F9 (Line Drive, 9S, EV 91.9 MPH)
Batting: RHB Tony Woody 0-0: Foul Ball, location: 23F
0-1: Called Strike
0-2: Ball
1-2: Ball
2-2: Ground out 5-3 (Groundball, 56, EV 78.1 MPH)
Bottom of the 3rd over - 0 runs, 1 hit, 0 errors, 1 left on base; Houston 3 - San Diego 2
TOP OF THE 4TH
Houston Astros batting - Pitching for San Diego Padres : RHP Jose Benitez
Batting: LHB Roy Lazzaro 0-0: Swinging Strike
0-1: Ball
1-1: Called Strike
1-2: Strikes out looking
Batting: LHB Josh Otis 0-0: Ball
1-0: Called Strike
1-1: Foul Ball, location: 2F
1-2: Strikes out swinging
Batting: RHB Manchu Hu 0-0: Ball
1-0: Ground out 6-3 (Groundball, 6M, EV 88.1 MPH)
Top of the 4th over - 0 runs, 0 hits, 0 errors, 0 left on base; Houston 3 - San Diego 2
BOTTOM OF THE 4TH
San Diego Padres batting - Pitching for Houston Astros : LHP Matt Emery
Batting: RHB Anibal Araldes 0-0: Swinging Strike
0-1: Called Strike
0-2: Foul Ball, location: 9LSF
0-2: Foul Ball, location: 2F
0-2: Ball
1-2: Ball
2-2: Foul Ball, location: 2F
2-2: Ground out 4-3 (Groundball, 4M, EV 102.5 MPH)
Batting: RHB Pat Holland 0-0: Ball
1-0: Foul Ball, location: 2F
1-1: Ball
2-1: DOUBLE (Line Drive, 7LM, EV 105.0 MPH)
Batting: RHB Colby Krant 0-0: Ball
1-0: Foul Ball, location: 9LMF
1-1: Called Strike
1-2: Strikes out looking
Batting: RHB Bill Carlisle 0-0: Called Strike
0-1: Ball
1-1: Ball
2-1: Called Strike
2-2: Fly out, F8 (Flyball, 8RM, EV 91.3 MPH)
Bottom of the 4th over - 0 runs, 1 hit, 0 errors, 1 left on base; Houston 3 - San Diego 2
TOP OF THE 5TH
Houston Astros batting - Pitching for San Diego Padres : RHP Jose Benitez
Batting: RHB Erik Ellsworth 0-0: Ball
1-0: SINGLE (Line Drive, 7LM, EV 90.6 MPH)
Batting: LHB Ricky Gomez 0-0: Ball
1-0: Fly out, F9 (Flyball, 9S, EV 86.3 MPH)
Pitching: LHP Lorenzo Cabrera
Batting: LHB Alex Perez 0-0: Foul Ball, location: 3SF
0-1: Called Strike
0-2: Ball
1-2: Strikes out swinging
Batting: RHB Jeff Cinnamon 0-0: Fielders Choice at 2nd, 6-4 (Groundball, 6, EV 86.9 MPH)
Top of the 5th over - 0 runs, 1 hit, 0 errors, 1 left on base; Houston 3 - San Diego 2
BOTTOM OF THE 5TH
San Diego Padres batting - Pitching for Houston Astros : LHP Matt Emery
Batting: LHB R.J. Correll 0-0: Fly out, F7 (Flyball, 7S, EV 73.8 MPH)
Batting: RHB Alfredo Beltran 0-0: TRIPLE (Line Drive, 8LXD, EV 96.9 MPH)
Batting: RHB Jose Barillas 0-0: Ball
1-0: Fly out, F4 (Popup, 13, EV 81.3 MPH)
Batting: RHB Chris Santos 0-0: Fly out, F7 (Flyball, 78M, EV 95.0 MPH)
Bottom of the 5th over - 0 runs, 1 hit, 0 errors, 1 left on base; Houston 3 - San Diego 2
TOP OF THE 6TH
Houston Astros batting - Pitching for San Diego Padres : LHP Lorenzo Cabrera
Batting: RHB Kyle Stewart 0-0: Called Strike
0-1: Ball
1-1: Ground out 6-3 (Groundball, 6, EV 87.5 MPH)
Batting: RHB Frank Kelsay 0-0: Called Strike
0-1: SINGLE (Line Drive, 4MD, EV 110.6 MPH)
Batting: LHB Roy Lazzaro 0-0: Called Strike
0-1: Swinging Strike
0-2: Strikes out swinging
Batting: LHB Josh Otis 0-0: Ball
1-0: Foul Ball, location: 2F
1-1: Ball
2-1: Foul Ball, location: 5FF
2-2: Ball
3-2: Fly out, F5 (Popup, 5F, EV 71.3 MPH)
Top of the 6th over - 0 runs, 1 hit, 0 errors, 1 left on base; Houston 3 - San Diego 2
BOTTOM OF THE 6TH
San Diego Padres batting - Pitching for Houston Astros : LHP Matt Emery
Batting: RHB Tony Woody 0-0: Ball
1-0: Foul Ball, location: 5FF
1-1: Ground out 5-3 (Groundball, 5, EV 85.6 MPH)
Batting: RHB Anibal Araldes 0-0: Fly out, F8 (Flyball, 8RM, EV 78.8 MPH)
Batting: RHB Pat Holland 0-0: Ball
1-0: Ball
2-0: Ball
3-0: Base on Balls
Batting: RHB Colby Krant 0-0: Fly out, F8 (Line Drive, 8LM, EV 106.3 MPH)
Bottom of the 6th over - 0 runs, 0 hits, 0 errors, 1 left on base; Houston 3 - San Diego 2
TOP OF THE 7TH
Houston Astros batting - Pitching for San Diego Padres : LHP Lorenzo Cabrera
Batting: RHB Manchu Hu 0-0: Ball
1-0: Ball
2-0: Fly out, F9 (Flyball, 9D, EV 102.5 MPH)
Batting: RHB Erik Ellsworth 0-0: Called Strike
0-1: Ball
1-1: Foul Ball, location: 3F
1-2: Ball
2-2: Strikes out swinging
Batting: LHB Ricky Gomez 0-0: Ball
1-0: Ball
2-0: Reached on error, E6 (Groundball, 6M, EV 110.6 MPH)
Pitching: RHP Mike Ross
Batting: LHB Alex Perez 0-0: Called Strike
0-1: Called Strike
0-2: Ball
1-2: Foul Ball, location: 2F
1-2: Ground out 4-3 (Groundball, 4, EV 78.8 MPH)
Top of the 7th over - 0 runs, 0 hits, 1 error, 1 left on base; Houston 3 - San Diego 2
BOTTOM OF THE 7TH
San Diego Padres batting - Pitching for Houston Astros : LHP Matt Emery
Batting: RHB Bill Carlisle 0-0: Foul Ball, location: 2F
0-1: Foul Ball, location: 2F
0-2: SINGLE (Groundball, 4D, EV 93.8 MPH)
Batting: LHB R.J. Correll 0-0: Swinging Strike
0-1: Foul Ball, location: 3SF
0-2: Grounds out, U3 (Groundball, 3L, EV 98.1 MPH)
Pitching: RHP Emanuel Calleya
Pinch Hitting: LHB Bryan McLaughlin 0-0: Ball
1-0: Foul Ball, location: 2F
1-1: Swinging Strike
1-2: SINGLE (Line Drive, 8RS, EV 98.1 MPH)
Bill Carlisle to third
Batting: RHB Jose Barillas 0-0: Ball
1-0: Called Strike
1-1: Foul Ball, location: 5F
1-2: Ball
2-2: Fielders Choice at home, 6-2 (Groundball, 6, EV 84.4 MPH)
Bryan McLaughlin to second
Batting: RHB Chris Santos 0-0: Foul Ball, location: 2F
0-1: Called Strike
0-2: Ball
1-2: Fly out, F9 (Flyball, 89M, EV 98.1 MPH)
Bottom of the 7th over - 0 runs, 2 hits, 0 errors, 2 left on base; Houston 3 - San Diego 2
TOP OF THE 8TH
Houston Astros batting - Pitching for San Diego Padres : RHP Mike Ross
Now at 2B: Jamie Wortman
Batting: RHB Jeff Cinnamon 0-0: SINGLE (Line Drive, 78S, EV 96.9 MPH)
Batting: RHB Kyle Stewart 0-0: Foul Ball, location: 3FF
0-1: Ball
1-1: Ball
2-1: Ball
3-1: Base on Balls
Jeff Cinnamon to second
Batting: RHB Frank Kelsay 0-0: Foul Ball, location: 2F
0-1: Swinging Strike
0-2: Ball
1-2: Ball
2-2: Strikes out swinging
Pitching: LHP Juan Robles
Pinch Hitting: RHB Sterling Lentz 0-0: Ball
1-0: Swinging Strike
1-1: Ball
2-1: Foul Ball, location: 2F
2-2: Fly out, F9 (Flyball, 9LM, EV 93.1 MPH)
Pinch Hitting: RHB Matt Carocci 0-0: Fly out, F6 (Line Drive, 6M, EV 69.4 MPH)
Top of the 8th over - 0 runs, 1 hit, 0 errors, 2 left on base; Houston 3 - San Diego 2
BOTTOM OF THE 8TH
San Diego Padres batting - Pitching for Houston Astros : RHP Emanuel Calleya
Now at 2B: Aaron Bruckerhoff
Now in CF: Sterling Lentz
Batting: RHB Tony Woody 0-0: Called Strike
0-1: Swinging Strike
0-2: Ball
1-2: Strikes out swinging
Batting: RHB Anibal Araldes 0-0: Called Strike
0-1: Foul Ball, location: 9LDF
0-2: Foul Ball, location: 7LMFF
0-2: Ball
1-2: Ball
2-2: Ball
3-2: Ground out 5-3 (Groundball, 5, EV 81.3 MPH)
Pinch Hitting: LHB Manuel Trevino 0-0: Ball
1-0: Foul Ball, location: 2F
1-1: Fly out, F7 (Flyball, 7LSF, EV 91.9 MPH)
Bottom of the 8th over - 0 runs, 0 hits, 0 errors, 0 left on base; Houston 3 - San Diego 2
TOP OF THE 9TH
Houston Astros batting - Pitching for San Diego Padres : LHP Juan Robles
Now in RF: Manuel Trevino
Batting: RHB Manchu Hu 0-0: Called Strike
0-1: Foul Ball, location: 5F
0-2: Ball
1-2: Ground out 6-3 (Groundball, 6S, EV 83.1 MPH)
Batting: RHB Erik Ellsworth 0-0: Ball
1-0: Foul Ball, location: 2F
1-1: Fly out, F8 (Line Drive, 78D, EV 93.1 MPH)
Batting: LHB Ricky Gomez 0-0: Ground out 1-3 (Groundball, 34S, EV 64.4 MPH)
Top of the 9th over - 0 runs, 0 hits, 0 errors, 0 left on base; Houston 3 - San Diego 2
BOTTOM OF THE 9TH
San Diego Padres batting - Pitching for Houston Astros : RHP Emanuel Calleya
Pitching: RHP Guillermo Padron
Batting: RHB Colby Krant 0-0: Called Strike
0-1: Foul Ball, location: 5F
0-2: Ball
1-2: Foul Ball, location: 2F
1-2: Ball
2-2: Foul Ball, location: 2F
2-2: Foul Ball, location: 5F
2-2: Foul Ball, location: 5DF
2-2: Ground out 6-3 (Groundball, 6, EV 100.6 MPH)
Pinch Hitting: LHB Eric Schoonover 0-0: Called Strike
0-1: Ball
1-1: Swinging Strike
1-2: Strikes out swinging
Batting: LHB R.J. Correll 0-0: Foul Ball, location: 7LMF
0-1: Called Strike
0-2: Ball
1-2: Ball
2-2: Strikes out swinging
Bottom of the 9th over - 0 runs, 0 hits, 0 errors, 0 left on base; Houston 3 - San Diego 2
Monday, April 8th , 2024 - OOTP Baseball 24.11 Build 85